[Event "Turkish Youth Championship 2024"]
[Site "Samsun"]
[Date "2024.05.19"]
[Round "2"]
[White "Konyar, Enver"]
[Black "Yilmaz, Kerem Tuna"]
[Result "1-0"]
[ECO "A01"]
[WhiteElo "1606"]
[BlackElo "2039"]
[Annotator "RC"]
[PlyCount "143"]
[EventDate "2024.05.18"]
[EventType "swiss"]
[EventCountry "TUR"]
[SourceTitle "playchess.com"]
[Source "ChessBase"]
[SourceQuality "1"]
[TimeControl "5400+30"]

1. b3 e5 2. Bb2 Nc6 3. c4 Nf6 4. Nf3 d6 5. e3 Bf5 6. a3 e4 7. Nd4 Nxd4 8. Bxd4 Be7 9. Bb2 O-O 10. d4 exd3 11. Bxd3 Bxd3 12. Qxd3 d5 13. O-O dxc4 14. Qxc4 Qd5 15. Qxd5 Nxd5 16. Nd2 Rfd8 17. Rfd1 c5 18. h3 Rac8 19. Rac1 b5 20. Ne4 f5 21. Ng3 g6 22. e4 fxe4 23. Nxe4 Nf4 24. Rxd8+ Rxd8 25. Rc2 Rd1+ 26. Kh2 Nd3 27. Bf6 Bf8 28. Nc3 Rf1 29. Nxb5 Nxf2 30. Bh4 Ne4 31. Re2 a6 32. Rxe4 axb5 33. Be7 Ra1 34. Bxf8 Kxf8 35. a4 Rb1 36. Re3 c4 37. axb5 Rxb3 38. Re4 c3 39. Rc4 Ke7 40. b6 Kd6 41. b7 Kd5 42. Rxc3 Rxb7 43. Re3 Kd4 44. Re8 h5 45. Re6 g5 46. Ra6 Re7 47. Ra4+ Ke3 48. Ra5 Kf4 49. Ra1 Re5 50. Rf1+ Ke3 51. Re1+ Kd4 52. Rd1+ Kc4 53. Kg3 Rd5 54. Rxd5 Kxd5 55. h4 g4 56. Kf4 Kd4 57. Kg5 Ke3 58. Kxh5 Kf4 59. Kg6 g3 60. h5 Ke3 61. h6 Kf2 62. h7 Kxg2 63. h8=Q Kg1 64. Kf5 g2 65. Kf4 Kf1 66. Qa1+ Kf2 67. Qb2+ Kf1 68. Kf3 g1=N+ 69. Ke3 Nh3 70. Qe2+ Kg1 71. Kf3 Ng5+ 72. Kg3 1-0

[Event "Turkish Youth Championship 2024"]
[Site "Samsun"]
[Date "2024.05.19"]
[Round "2"]
[White "Cakir, Kerem Cagri"]
[Black "Zerey, Demhat"]
[Result "0-1"]
[ECO "C44"]
[WhiteElo "1585"]
[BlackElo "1986"]
[Annotator "RC"]
[PlyCount "66"]
[EventDate "2024.05.18"]
[EventType "swiss"]
[EventCountry "TUR"]
[SourceTitle "playchess.com"]
[Source "ChessBase"]
[SourceQuality "1"]
[TimeControl "5400+30"]

1. e4 e5 2. Nf3 Nc6 3. c3 Nf6 4. d4 Nxe4 5. d5 Bc5 6. dxc6 Bxf2+ 7. Ke2 Bb6 8. Be3 O-O 9. Nbd2 Nd6 10. Bxb6 axb6 11. cxd7 Bxd7 12. Qc2 Re8 13. Kd1 e4 14. Nd4 c5 15. Ne2 e3 16. Nf3 Bf5 17. Qb3 Ne4+ 18. Ke1 Bg4 19. Rd1 Qf6 20. Rg1 Bxf3 21. gxf3 Nd2 22. Rxd2 exd2+ 23. Kd1 Qxf3 24. Qc4 Qf2 25. Bg2 Rxe2 26. Qxe2 Qxg1+ 27. Kxd2 Qb1 28. Be4 Qxb2+ 29. Bc2 Qxc2+ 30. Kxc2 Rxa2+ 31. Kd1 Rxe2 32. Kxe2 f5 33. Kf3 b5 0-1

[Event "Turkish Youth Championship 2024"]
[Site "Samsun"]
[Date "2024.05.19"]
[Round "2"]
[White "Balci, Ahmet Hakan"]
[Black "Tirpan, Ceren"]
[Result "0-1"]
[ECO "B57"]
[WhiteElo "1563"]
[BlackElo "2004"]
[Annotator "RC"]
[PlyCount "102"]
[EventDate "2024.05.18"]
[EventType "swiss"]
[EventCountry "TUR"]
[SourceTitle "playchess.com"]
[Source "ChessBase"]
[SourceQuality "1"]
[TimeControl "5400+30"]

1. e4 c5 2. Nf3 Nc6 3. d4 cxd4 4. Nxd4 Qb6 5. Nxc6 bxc6 6. Nc3 d6 7. Bc4 Nf6 8. O-O g6 9. Be3 Qc7 10. h3 Bg7 11. f4 O-O 12. Qf3 Rb8 13. Rab1 Nd7 14. Qf2 Rb4 15. Bd3 Qb8 16. Nd1 c5 17. c3 Rb7 18. b4 cxb4 19. Ba6 Rc7 20. Rxb4 Qa8 21. Bxc8 Rfxc8 22. Bd4 a5 23. Rb2 Nc5 24. Bxc5 Rxc5 25. e5 dxe5 26. fxe5 Qd5 27. Re2 Qe6 28. Kh1 Rxe5 29. Rfe1 Rxe2 30. Rxe2 Qf6 31. Qe1 e6 32. Re3 Rc4 33. Nf2 Qh4 34. Kh2 Qf4+ 35. g3 Qc7 36. Ne4 h6 37. Rd3 Kh7 38. h4 f5 39. Nf6+ Bxf6 40. Qxe6 Rxh4+ 41. Kg1 Qa7+ 42. Kg2 Qb7+ 43. Rf3 Qb2+ 44. Kg1 Qh2+ 45. Kf1 Qh1+ 46. Ke2 Re4+ 47. Qxe4 fxe4 48. Rxf6 Qg2+ 49. Ke3 Qxg3+ 50. Kxe4 Qxc3 51. Rf3 Qc4+ 0-1

[Event "Turkish Youth Championship 2024"]
[Site "Samsun"]
[Date "2024.05.19"]
[Round "2"]
[White "Baki, Huseyin Kaan"]
[Black "Buyuk, Ecrin Efsa"]
[Result "0-1"]
[ECO "B15"]
[WhiteElo "1527"]
[BlackElo "1892"]
[Annotator "NA RC"]
[PlyCount "88"]
[EventDate "2024.05.18"]
[EventType "swiss"]
[EventCountry "TUR"]
[SourceTitle "playchess.com"]
[Source "ChessBase"]
[SourceQuality "1"]
[TimeControl "5400+30"]

1. e4 c6 2. d4 d5 3. Nc3 dxe4 4. Nxe4 Nf6 5. Nxf6+ exf6 6. Nf3 Bd6 7. Bd3 {[%emt 0:02:30] 7.Bd3 scores better than 7.Be2.} O-O 8. h3 {[%emt 0:01:30] B15: Caro-Kann: 3 Nc3: 3...g6 and 3...dxe4 4 Nxe4 Nf6 5 Nxf6+ exf6.} Re8+ 9. Be3 Nd7 10. O-O Nf8 11. Qd2 Be6 12. Rfe1 Qb8 $146 ({Predecessor:} 12... Ng6 13. Bxg6 hxg6 14. Bf4 Qc7 15. Bxd6 Qxd6 16. c3 Bd5 17. Re3 Re6 18. Rae1 Bxa2 {0-1 Erigaisi,A (2559)-Naroditsky,D (2621) Chess.com Bullet op1 blitz 2020 (14)}) 13. b3 a5 14. c3 Qc7 15. Rac1 Ng6 16. Qc2 Qd7 17. Bf1 Rac8 18. c4 Bf5 19. Qd2 Bb4 20. Qb2 Bxe1 21. Rxe1 b5 22. Qa3 ({White should play} 22. d5) 22... Ra8 23. Qc5 b4 24. Rd1 Rec8 25. Kh2 Bc2 26. Rc1 Be4 27. Nd2 Bf5 28. g3 Nf8 29. Bg2 {[%emt 0:00:30] [#]} Bg6 $11 (29... Ra6 $1 $17 30. Ne4 Rd8) 30. d5 cxd5 31. Qxd5 Qe7 32. h4 Rd8 33. Qb5 Rac8 34. Qxa5 Ne6 35. c5 f5 36. Qxb4 f4 37. Bxf4 Nxc5 38. Qc3 Bf5 39. Nc4 Nd3 40. Rd1 Nxf4 41. Rxd8+ Rxd8 42. Qf3 Nxg2 43. Qxf5 Ne1 44. a4 Qb7 0-1

[Event "Turkish Youth Championship 2024"]
[Site "Samsun"]
[Date "2024.05.19"]
[Round "2"]
[White "Tosun, Aysu"]
[Black "Selvi, Kaan"]
[Result "0-1"]
[ECO "B06"]
[WhiteElo "1523"]
[BlackElo "1881"]
[Annotator "NA RC"]
[PlyCount "68"]
[EventDate "2024.05.18"]
[EventType "swiss"]
[EventCountry "TUR"]
[SourceTitle "playchess.com"]
[Source "ChessBase"]
[SourceQuality "1"]
[TimeControl "5400+30"]

1. e4 g6 2. d4 c6 3. f3 Bg7 4. c4 d5 5. cxd5 cxd5 6. e5 {[%emt 0:03:30] B06: Modern Defence.} Nc6 7. Nc3 Nh6 8. Bb5 O-O 9. Nge2 a6 10. Ba4 b5 11. Bb3 e6 12. Be3 Nf5 13. Bf2 Qg5 14. g4 Nh4 15. Ng1 Ng2+ 16. Ke2 Nf4+ 17. Kf1 Qd8 18. Be3 g5 {[%emt 0:00:30] [#]} 19. h4 $1 f5 20. gxf5 Rxf5 21. Bc2 Rf7 22. Qd2 Nh5 23. Bxg5 Qb6 24. Rh2 Qxd4 25. Qg2 Nxe5 26. Rd1 Qc4+ 27. Ke1 Bb7 28. Be3 Nf4 29. Qg5 $19 Ned3+ 30. Kd2 d4 31. Bxd4 Qxd4 32. Nge2 Nxe2 33. Nxe2 Qb4+ 34. Kxd3 Rxf3+ 0-1

[Event "Turkish Youth Championship 2024"]
[Site "Samsun"]
[Date "2024.05.19"]
[Round "2"]
[White "Akyuz, Pars"]
[Black "Basara, Arda"]
[Result "1-0"]
[ECO "D18"]
[WhiteElo "1461"]
[BlackElo "1943"]
[Annotator "RC"]
[PlyCount "97"]
[EventDate "2024.05.18"]
[EventType "swiss"]
[EventCountry "TUR"]
[SourceTitle "playchess.com"]
[Source "ChessBase"]
[SourceQuality "1"]
[TimeControl "5400+30"]

1. d4 d5 2. c4 c6 3. Nc3 Nf6 4. Nf3 dxc4 5. a4 Bf5 6. e3 e6 7. Bxc4 Bb4 8. O-O Nbd7 9. Nd2 O-O 10. Re1 c5 11. Na2 Bxd2 12. Qxd2 Nb6 13. Bb3 Ne4 14. Qd1 Qh4 15. Qe2 cxd4 16. exd4 Rfd8 17. Be3 Nf6 18. Nc3 Nbd5 19. Nxd5 Nxd5 20. Bxd5 Rxd5 21. Rac1 Qe7 22. Rc3 Qb4 23. Ra1 Rad8 24. Rc4 Qd6 25. h3 Qa6 26. b3 h6 27. Qb2 R5d7 28. Rac1 Be4 29. Re1 Bd5 30. Rc3 b5 31. Qe2 Rb7 32. Qg4 Kf8 33. Bf4 bxa4 34. bxa4 Qxa4 35. Rg3 f5 36. Qg6 Qe8 37. Qh7 Qf7 38. Rxg7 Qxg7 39. Bxh6 Qxh6 40. Qxh6+ Ke7 41. Rc1 Kd6 42. Qg5 Ra8 43. Qg3+ Kd7 44. Qg7+ Kd6 45. Qe5+ Kd7 46. Rc5 Rab8 47. Kh2 Re8 48. Rxd5+ exd5 49. Qxd5+ 1-0

[Event "Turkish Youth Championship 2024"]
[Site "Samsun"]
[Date "2024.05.19"]
[Round "3"]
[White "Cilek, Bora"]
[Black "Cetindag, Alper"]
[Result "1/2-1/2"]
[ECO "A35"]
[WhiteElo "2246"]
[BlackElo "1839"]
[Annotator "RC"]
[PlyCount "51"]
[EventDate "2024.05.18"]
[EventType "swiss"]
[EventCountry "TUR"]
[SourceTitle "playchess.com"]
[Source "ChessBase"]
[SourceQuality "1"]
[TimeControl "5400+30"]

1. c4 c5 2. Nc3 Nc6 3. Nf3 g6 4. e3 Nf6 5. d4 cxd4 6. exd4 d5 7. cxd5 Nxd5 8. Qb3 Nxc3 9. Bc4 e6 10. bxc3 Bg7 11. Ba3 a6 12. Be2 b5 13. O-O Na5 14. Qd1 Bb7 15. Bc5 Qd5 16. a4 Nb3 17. axb5 Nxc5 18. dxc5 axb5 19. Rxa8+ Bxa8 20. Bxb5+ Ke7 21. Qa4 Qxc5 22. Rd1 Bd5 23. c4 Ra8 24. Qc2 Bxf3 25. gxf3 Ra1 26. Rxa1 1/2-1/2

[Event "Turkish Youth Championship 2024"]
[Site "Samsun"]
[Date "2024.05.19"]
[Round "3"]
[White "Atis, Hasan"]
[Black "Ucar, Umut Can"]
[Result "1-0"]
[ECO "C10"]
[WhiteElo "2014"]
[BlackElo "1799"]
[Annotator "NA COMBH"]
[PlyCount "45"]
[EventDate "2024.05.18"]
[EventType "swiss"]
[EventCountry "TUR"]
[SourceTitle "playchess.com"]
[Source "ChessBase"]
[SourceQuality "1"]
[TimeControl "5400+30"]

1. e4 e6 2. d4 d5 3. Nd2 dxe4 4. Nxe4 Be7 5. Nf3 Nf6 6. Bd3 Bd7 7. Qe2 Bc6 8. Nxf6+ Bxf6 9. c3 Nd7 10. Bf4 b6 11. O-O-O Nf8 12. h4 Ng6 13. Bg3 Qd5 14. c4 Qa5 15. d5 Bd7 16. h5 Ne7 17. Ne5 Qxa2 18. Nxd7 Kxd7 19. dxe6+ Ke8 20. Be5 Kf8 21. Bxf6 gxf6 22. Qf3 Kg7 23. h6+ 1-0

[Event "Turkish Youth Championship 2024"]
[Site "Samsun"]
[Date "2024.05.19"]
[Round "3"]
[White "Tirpan, Ceren"]
[Black "Develi, Kemal Cagan"]
[Result "1-0"]
[ECO "A11"]
[WhiteElo "2004"]
[BlackElo "1723"]
[Annotator "NA RC"]
[PlyCount "125"]
[EventDate "2024.05.18"]
[EventType "swiss"]
[EventCountry "TUR"]
[SourceTitle "playchess.com"]
[Source "ChessBase"]
[SourceQuality "1"]
[TimeControl "5400+30"]

1. c4 c6 2. g3 d5 3. Bg2 Nf6 4. Nf3 g6 5. b3 Bg7 6. Bb2 O-O 7. O-O Bg4 8. d3 Bxf3 9. Bxf3 Nbd7 10. Nd2 e5 11. Qc2 d4 12. b4 Qc7 13. c5 Nd5 14. Qb3 N7f6 15. Nc4 Rae8 16. Bg2 h5 17. Rae1 h4 18. e4 dxe3 19. Nxe3 Nxe3 20. Rxe3 hxg3 21. fxg3 Kh8 22. Qc4 Nh5 23. Bf3 f5 24. Bxh5 gxh5 25. Ref3 Qd7 26. Qh4 Qf7 27. Qg5 Qxa2 28. Qxh5+ Kg8 29. R1f2 Qd5 30. Rxf5 Qxd3 31. Bxe5 Rxf5 32. Qxe8+ Kh7 33. Rxf5 Qxf5 34. Bxg7 Kxg7 35. Qe7+ Kg6 36. Qd6+ Kg7 37. Qf4 Qb1+ 38. Kg2 Qc2+ 39. Kh3 Qh7+ 40. Qh4 Qb1 41. Qg4+ Kf6 42. Qf4+ Kg6 43. g4 Qd3+ 44. Kh4 Qe2 45. Qd6+ Kg7 46. Kg5 Qe3+ 47. Qf4 Qe7+ 48. Kh5 Qe8+ 49. Kh4 Qe1+ 50. Kh3 Qc3+ 51. Kg2 Qc2+ 52. Kf3 Qd3+ 53. Qe3 Qf1+ 54. Ke4 Qh1+ 55. Kf5 Qf1+ 56. Qf4 Qd3+ 57. Ke6 Qg6+ 58. Ke7 Qd3 59. Qg5+ Kh8 60. Qh6+ Kg8 61. Qf8+ Kh7 62. Qf5+ Qxf5 63. gxf5 1-0

[Event "Turkish Youth Championship 2024"]
[Site "Samsun"]
[Date "2024.05.19"]
[Round "3"]
[White "Zerey, Demhat"]
[Black "Nurdogan, Ilgin Destina"]
[Result "1-0"]
[ECO "D02"]
[WhiteElo "1986"]
[BlackElo "1699"]
[Annotator "NA RC"]
[PlyCount "147"]
[EventDate "2024.05.18"]
[EventType "swiss"]
[EventCountry "TUR"]
[SourceTitle "playchess.com"]
[Source "ChessBase"]
[SourceQuality "1"]
[TimeControl "5400+30"]

1. d4 Nf6 2. Bf4 e6 3. e3 d5 4. Nf3 Bd6 5. Ne5 c5 6. c3 O-O 7. Nd2 Nc6 8. Bd3 c4 9. Bc2 Qc7 10. Ndf3 b5 11. O-O a5 12. Re1 Bb7 13. Nxc6 Bxc6 14. Ne5 b4 15. Qf3 b3 16. axb3 cxb3 17. Bxb3 Rfb8 18. Qd1 Be8 19. Nd3 Bxf4 20. exf4 Bb5 21. Ne5 a4 22. Bxa4 Bxa4 23. Rxa4 Rxa4 24. Qxa4 Rxb2 25. Qa3 Qb7 26. Nd3 Rb1 27. g3 Rxe1+ 28. Nxe1 g6 29. f3 Qb5 30. Kf2 h5 31. h4 Qb1 32. Qa4 Qc1 33. Qc2 Qa1 34. Ng2 Kg7 35. Ne3 Kg8 36. Nd1 Kg7 37. Ke1 Qa6 38. Qe2 Qa5 39. Qd2 Qa6 40. Kf2 Qa1 41. Ne3 Qb1 42. Kg2 Qa1 43. f5 Qa6 44. fxe6 fxe6 45. Nd1 Ne8 46. Nf2 Nf6 47. Nd3 Nd7 48. Nf4 Nf8 49. Nd3 Nd7 50. Qc2 Qc6 51. Nf4 Nf8 52. Qd3 Qa4 53. Qe2 Qc6 54. Qe3 Qb6 55. g4 hxg4 56. fxg4 Qb2+ 57. Kg3 Qb1 58. h5 g5 59. Nh3 Qb8+ 60. Kg2 Qb2+ 61. Kf3 Qh2 62. Nxg5 Qh1+ 63. Kg3 Qb1 64. Nf3 Qh7 65. Ne5 Kf6 66. h6 Ke7 67. Qg5+ Ke8 68. Qg7 Qb1 69. Qf7+ Kd8 70. Qxf8+ Kc7 71. Qc5+ Kd8 72. Qd6+ Kc8 73. Qd7+ Kb8 74. Nc6+ 1-0

[Event "Turkish Youth Championship 2024"]
[Site "Samsun"]
[Date "2024.05.19"]
[Round "3"]
[White "Turgut, Hakan"]
[Black "Kalyoncu, Beren"]
[Result "1-0"]
[ECO "C02"]
[WhiteElo "1954"]
[BlackElo "1737"]
[Annotator "NA RC"]
[PlyCount "133"]
[EventDate "2024.05.18"]
[EventType "swiss"]
[EventCountry "TUR"]
[SourceTitle "playchess.com"]
[Source "ChessBase"]
[SourceQuality "1"]
[TimeControl "5400+30"]

1. e4 e6 2. d4 d5 3. e5 c5 4. c3 Nc6 5. Nf3 Qb6 6. a3 Bd7 7. b4 cxd4 8. cxd4 Rc8 9. Bb2 Na5 10. Nbd2 Nc4 11. Nxc4 dxc4 12. Rc1 Qa6 13. d5 exd5 14. Qxd5 Ne7 15. Qe4 b5 16. Be2 Qg6 17. Qd4 Nc6 18. Qe3 Be7 19. O-O O-O 20. Rfd1 Bg4 21. Rd5 a6 22. Rcd1 h5 23. h3 Be6 24. R5d2 Rfd8 25. Nd4 Nxd4 26. Bxd4 Rd7 27. Kh2 Rcd8 28. f4 h4 29. Qc3 Qe4 30. Be3 Qg6 31. Bf2 Qe4 32. Be3 Qg6 33. Bf2 Qe4 34. Qe3 Qxe3 35. Bxe3 Rxd2 36. Rxd2 Rxd2 37. Bxd2 Bd5 38. Bg4 Bb7 39. Bd7 Bd8 40. a4 bxa4 41. Bxa4 Bb6 42. Bc3 Kf8 43. g3 Bf2 44. gxh4 g6 45. Bd1 Ke7 46. h5 gxh5 47. Bxh5 Be4 48. Be2 Bd3 49. Bf3 Be3 50. Kg3 Ke6 51. Bb7 Kf5 52. Kf3 Bb6 53. Bc8+ Kg6 54. Bxa6 Kh5 55. Bc8 Kg6 56. Bb7 Kf5 57. h4 Bc2 58. Bc8+ Kg6 59. Bd7 Kh5 60. Bg4+ Kg6 61. h5+ Kh6 62. Ke2 Bd3+ 63. Kd2 Bc7 64. Bd4 f6 65. exf6 Bxf4+ 66. Be3 Bxe3+ 67. Kxe3 1-0

[Event "Turkish Youth Championship 2024"]
[Site "Samsun"]
[Date "2024.05.19"]
[Round "3"]
[White "Uzdemir, Ali Poyraz"]
[Black "Apaydin, Mehmet Kagan"]
[Result "1-0"]
[ECO "B55"]
[WhiteElo "1898"]
[BlackElo "1650"]
[Annotator "NA RC"]
[PlyCount "65"]
[EventDate "2024.05.18"]
[EventType "swiss"]
[EventCountry "TUR"]
[SourceTitle "playchess.com"]
[Source "ChessBase"]
[SourceQuality "1"]
[TimeControl "5400+30"]

1. e4 c5 2. Nf3 d6 3. d4 cxd4 4. Nxd4 Nf6 5. f3 e5 6. Nb3 d5 7. Bg5 d4 8. c3 Nc6 9. Bb5 Be6 10. cxd4 Bxb3 11. Qxb3 Qxd4 12. Be3 Qb4+ 13. Nc3 Bc5 14. Qxb4 Bxb4 15. O-O O-O 16. Bxc6 bxc6 17. Rac1 Ba5 18. Na4 Rfc8 19. a3 Nd7 20. Rc2 Rc7 21. Rfc1 Rac8 22. b4 Bb6 23. Kf2 Kf8 24. Ke2 Ke7 25. Nc5 Bxc5 26. Bxc5+ Ke6 27. g3 h5 28. f4 exf4 29. gxf4 f5 30. e5 Nxc5 31. Rxc5 g5 32. b5 gxf4 33. Rxc6+ 1-0

[Event "Turkish Youth Championship 2024"]
[Site "Samsun"]
[Date "2024.05.19"]
[Round "3"]
[White "Buyuk, Ecrin Efsa"]
[Black "Bilgin, Ali Tugrul"]
[Result "0-1"]
[ECO "C00"]
[WhiteElo "1892"]
[BlackElo "1678"]
[Annotator "NA"]
[PlyCount "122"]
[EventDate "2024.05.18"]
[EventType "swiss"]
[EventCountry "TUR"]
[SourceTitle "playchess.com"]
[Source "ChessBase"]
[SourceQuality "1"]
[TimeControl "5400+30"]

1. e4 e6 2. d3 d5 3. Nd2 c5 4. g3 Nc6 5. Bg2 Nf6 6. f4 e5 7. fxe5 Ng4 8. Nf1 dxe4 9. Bxe4 c4 10. Ne3 Nxe3 11. Bxe3 cxd3 12. Qxd3 Qxd3 13. Bxd3 Nxe5 14. Bb5+ Nc6 15. Nf3 a6 16. Ba4 Be6 17. Nd4 Bd5 18. O-O Bc5 19. Nf5 Bxe3+ 20. Nxe3 Be6 21. Nf5 Bxf5 22. Rxf5 f6 23. Rd5 b5 24. Bb3 Ke7 25. c4 bxc4 26. Bxc4 Ne5 27. Be2 Rhc8 28. Rad1 Rc2 29. R5d2 Rac8 30. Kf2 a5 31. Ke3 R2c5 32. h3 R8c7 33. g4 a4 34. Rd4 a3 35. bxa3 Rc3+ 36. Bd3 Rxa3 37. h4 Rxa2 38. Bxh7 Rc3+ 39. Bd3 Rh2 40. h5 Rg2 41. g5 Rxg5 42. Ke4 Rxd3 43. R1xd3 Nxd3 44. Rxd3 Rxh5 45. Ra3 Kf7 46. Ra7+ Kg6 47. Kf4 Rh4+ 48. Kg3 Rc4 49. Rb7 Kh6 50. Rf7 Rc6 51. Kf4 g6 52. Ke4 Kg5 53. Re7 Rc4+ 54. Kd5 Rf4 55. Re1 f5 56. Rg1+ Rg4 57. Rf1 Re4 58. Rg1+ Kf6 59. Rh1 Re5+ 60. Kd4 f4 61. Rh8 Re1 0-1

[Event "Turkish Youth Championship 2024"]
[Site "Samsun"]
[Date "2024.05.19"]
[Round "3"]
[White "Selvi, Kaan"]
[Black "Konyar, Enver"]
[Result "1-0"]
[ECO "B12"]
[WhiteElo "1881"]
[BlackElo "1606"]
[Annotator "NA"]
[PlyCount "115"]
[EventDate "2024.05.18"]
[EventType "swiss"]
[EventCountry "TUR"]
[SourceTitle "playchess.com"]
[Source "ChessBase"]
[SourceQuality "1"]
[TimeControl "5400+30"]

1. e4 c6 2. d4 d5 3. e5 c5 4. Nf3 cxd4 5. Nxd4 Nc6 6. Bb5 Qc7 7. O-O e6 8. c4 Nge7 9. Nc3 a6 10. cxd5 Nxd5 11. Nxd5 exd5 12. Nxc6 bxc6 13. Ba4 Bd7 14. Bg5 Be7 15. Bxe7 Kxe7 16. Rc1 Rhc8 17. Qd3 g6 18. Qf3 c5 19. Bb3 Be6 20. Bxd5 Bxd5 21. Qxd5 Rd8 22. Rxc5 Rxd5 23. Rxc7+ Kf8 24. e6 fxe6 25. Rxh7 Kg8 26. Re7 Rd2 27. Rb1 Rc8 28. h4 Rcc2 29. Rxe6 Rxf2 30. Rxg6+ Kh7 31. Rg4 Kh6 32. Kh2 Kh5 33. Kh3 Rfe2 34. Rd1 Rxb2 35. Rg5+ Kh6 36. Rd6+ Kh7 37. Rxa6 Rxa2 38. Rxa2 Rxa2 39. g3 Kh6 40. Rb5 Ra3 41. Rf5 Ra4 42. Rf6+ Kg7 43. Rb6 Rc4 44. h5 Ra4 45. g4 Ra5 46. Kh4 Rc5 47. Rb7+ Kh8 48. h6 Rc1 49. Kh5 Rc5+ 50. g5 Ra5 51. Rf7 Rb5 52. Kg6 Rb8 53. Rf5 Ra8 54. Kh5 Rb8 55. g6 Ra8 56. h7 Rb8 57. Kh6 Rb5 58. Rf8# 1-0

[Event "Turkish Youth Championship 2024"]
[Site "Samsun"]
[Date "2024.05.19"]
[Round "3"]
[White "Gokturk, Murat Kutay"]
[Black "Alaybeyoglu, Ayberk"]
[Result "1-0"]
[ECO "B17"]
[WhiteElo "1862"]
[BlackElo "1496"]
[Annotator "NA"]
[PlyCount "22"]
[EventDate "2024.05.18"]
[EventType "swiss"]
[EventCountry "TUR"]
[SourceTitle "playchess.com"]
[Source "ChessBase"]
[SourceQuality "1"]
[TimeControl "5400+30"]

1. e4 c6 2. d4 d5 3. Nc3 dxe4 4. Nxe4 Nd7 5. Nf3 Ngf6 6. Nxf6+ Nxf6 7. Bc4 Bg4 8. Ne5 Be6 9. Bxe6 fxe6 10. Bg5 g6 11. Qd3 Ng8 1-0

[Event "Turkish Youth Championship 2024"]
[Site "Samsun"]
[Date "2024.05.19"]
[Round "3"]
[White "Gulbas, Isa"]
[Black "Topuz, Mirac Melih"]
[Result "0-1"]
[ECO "B23"]
[WhiteElo "1813"]
[BlackElo "2079"]
[Annotator "NA RC"]
[PlyCount "96"]
[EventDate "2024.05.18"]
[EventType "swiss"]
[EventCountry "TUR"]
[SourceTitle "playchess.com"]
[Source "ChessBase"]
[SourceQuality "1"]
[TimeControl "5400+30"]

1. e4 c5 2. Nc3 Nc6 3. Bb5 Nd4 4. Nf3 a6 5. Bd3 g6 6. Nxd4 cxd4 7. Ne2 d5 8. e5 Bg7 9. f4 f6 10. exf6 Nxf6 11. O-O O-O 12. b3 Ne4 13. Ng3 Bf5 14. Qe2 Rc8 15. Bb2 Qb6 16. Kh1 Rc6 17. a4 Re6 18. Nxf5 gxf5 19. Qf3 Qa5 20. Rad1 Qb6 21. Ba3 Rf7 22. Be2 Rg6 23. d3 Nc3 24. Rde1 Re6 25. Qf2 Qc7 26. Bh5 Rff6 27. g3 Rh6 28. Rxe6 Rxe6 29. Re1 Qd7 30. Kg2 Kf8 31. Bc5 Rxe1 32. Qxe1 b5 33. Qg1 bxa4 34. Bxd4 Qc6 35. Bxg7+ Kxg7 36. Qd4+ Qf6 37. Qxf6+ Kxf6 38. bxa4 Nxa4 39. c4 Nb2 40. cxd5 a5 41. Be8 a4 42. Bxa4 Nxa4 43. Kf3 Nc3 44. h3 Nxd5 45. g4 Ke6 46. h4 fxg4+ 47. Kxg4 Kf6 48. d4 Ne3+ 0-1

[Event "Turkish Youth Championship 2024"]
[Site "Samsun"]
[Date "2024.05.19"]
[Round "3"]
[White "Nuhoglu, Yusahan"]
[Black "Ozgun, Yigit Deniz"]
[Result "0-1"]
[ECO "E62"]
[WhiteElo "1792"]
[BlackElo "1917"]
[Annotator "NA RC"]
[PlyCount "32"]
[EventDate "2024.05.18"]
[EventType "swiss"]
[EventCountry "TUR"]
[SourceTitle "playchess.com"]
[Source "ChessBase"]
[SourceQuality "1"]
[TimeControl "5400+30"]

1. Nf3 Nf6 2. g3 g6 3. Bg2 Bg7 4. O-O O-O 5. c4 d6 6. Nc3 Nc6 7. d4 Nd7 8. e4 Nb6 9. b3 Bg4 10. Be3 e5 11. d5 Nd4 12. Rc1 f5 13. exf5 Rxf5 14. Bxd4 exd4 15. Ne4 Qf8 16. Neg5 Rxg5 0-1

[Event "Turkish Youth Championship 2024"]
[Site "Samsun"]
[Date "2024.05.19"]
[Round "3"]
[White "Sadik, Muhammed Selim"]
[Black "Buyuk, Eymen Eren"]
[Result "1/2-1/2"]
[ECO "D13"]
[WhiteElo "1734"]
[BlackElo "1999"]
[Annotator "NA RC"]
[PlyCount "87"]
[EventDate "2024.05.18"]
[EventType "swiss"]
[EventCountry "TUR"]
[SourceTitle "playchess.com"]
[Source "ChessBase"]
[SourceQuality "1"]
[TimeControl "5400+30"]

1. d4 d5 2. c4 c6 3. Nf3 Nf6 4. Nc3 Bf5 5. cxd5 cxd5 6. Qb3 Qb6 7. Nxd5 Nxd5 8. Qxd5 Qb4+ 9. Nd2 e6 10. Qc4 Qxc4 11. Nxc4 Nc6 12. e3 Nb4 13. Na3 Nd3+ 14. Bxd3 Bxd3 15. Kd2 Ba6 16. Nc2 Be7 17. b3 Rc8 18. a4 b6 19. Ba3 Bf6 20. Nb4 Bb7 21. f3 e5 22. dxe5 Bxe5 23. Rac1 O-O 24. Rxc8 Rxc8 25. Rc1 Rd8+ 26. Ke2 Bxh2 27. Rd1 Rxd1 28. Kxd1 g5 29. Bb2 Bd6 30. Bc3 g4 31. fxg4 Bxg2 32. Ke2 Be4 33. Nd3 h6 34. a5 b5 35. Bd4 a6 36. Nc5 Bd5 37. b4 Bxc5 38. Bxc5 Kg7 39. Kf2 Kg6 40. Kg3 Kg5 41. Be7+ f6 42. Bd8 Be4 43. Be7 Bc2 44. Bd6 1/2-1/2

[Event "Turkish Youth Championship 2024"]
[Site "Samsun"]
[Date "2024.05.19"]
[Round "3"]
[White "Cagatay, Mehmet Kayra"]
[Black "Cicek, Bilal Emre"]
[Result "0-1"]
[ECO "B33"]
[WhiteElo "1717"]
[BlackElo "1873"]
[Annotator "NA"]
[PlyCount "86"]
[EventDate "2024.05.18"]
[EventType "swiss"]
[EventCountry "TUR"]
[SourceTitle "playchess.com"]
[Source "ChessBase"]
[SourceQuality "1"]
[TimeControl "5400+30"]

1. e4 c5 2. Nf3 e6 3. d4 cxd4 4. Nxd4 Nf6 5. Nc3 Nc6 6. Ndb5 d6 7. Bf4 e5 8. Bg5 a6 9. Na3 b5 10. Nd5 Be7 11. Bxf6 Bxf6 12. c3 O-O 13. Be2 Bg5 14. O-O Ne7 15. Bf3 Bb7 16. Nxe7+ Qxe7 17. Nc2 a5 18. Qe2 Bc6 19. Ne3 Qb7 20. Nf5 g6 21. Nxd6 Qb8 22. Rad1 Be7 23. c4 Bxd6 24. c5 Be7 25. Qe3 Qc7 26. Qh6 Bxc5 27. h4 Rfd8 28. Rc1 Bb4 29. Rc2 Qb7 30. Re2 Bf8 31. Qg5 Qe7 32. Qg3 Bh6 33. Bg4 b4 34. Rb1 Bb5 35. Ree1 Rd3 36. f3 Qc5+ 37. Kh1 Bf4 38. Qh3 Rad8 39. h5 Qc2 40. hxg6 hxg6 41. g3 Rd1 42. Qh4 g5 43. Qh2 Qxb1 0-1

[Event "Turkish Youth Championship 2024"]
[Site "Samsun"]
[Date "2024.05.19"]
[Round "3"]
[White "Yogurtcuoglu, Cagan"]
[Black "Danaci, Ege"]
[Result "1/2-1/2"]
[ECO "E91"]
[WhiteElo "1714"]
[BlackElo "2031"]
[Annotator "RC"]
[PlyCount "146"]
[EventDate "2024.05.18"]
[EventType "swiss"]
[EventCountry "TUR"]
[SourceTitle "playchess.com"]
[Source "ChessBase"]
[SourceQuality "1"]
[TimeControl "5400+30"]

1. d4 Nf6 2. c4 g6 3. Nc3 Bg7 4. e4 d6 5. Be2 O-O 6. Nf3 c5 7. d5 e6 8. O-O exd5 9. exd5 Na6 10. h3 Re8 11. Bg5 h6 12. Be3 Qe7 13. Re1 Nc7 14. Qd2 Qf8 15. Bf4 Bd7 16. Rab1 Rab8 17. Bd3 b5 18. Rxe8 Rxe8 19. b3 b4 20. Ne2 Ne4 21. Bxe4 Rxe4 22. Ng3 Re8 23. h4 a5 24. Re1 f5 25. Rxe8 Nxe8 26. Ne2 Nf6 27. Bg3 Ne4 28. Qe3 Qf6 29. Nd2 Qa1+ 30. Kh2 Nxg3 31. fxg3 Qe5 32. Qd3 g5 33. hxg5 hxg5 34. Nf3 Qe7 35. Kg1 Be8 36. Kf2 Bg6 37. Qe3 Bf6 38. Qxe7 Bxe7 39. Ke3 Kg7 40. Ne1 f4+ 41. gxf4 Bb1 42. Nc1 gxf4+ 43. Kxf4 Kg6 44. Ned3 Bg5+ 45. Kf3 Bd2 46. Kg4 Kf6 47. Kf3 Kf5 48. Ke2 Bg5 49. Kf3 Bc2 50. g4+ Kg6 51. Nf4+ Kf6 52. Nfd3 Bd1+ 53. Kg3 Be3 54. Nf2 Bc2 55. Nfd3 Kg5 56. Kf3 Bd2 57. Ke2 Bxc1 58. Nxc1 Kxg4 59. Kd2 Bb1 60. Ke2 Kf4 61. Kf2 Ke4 62. Ke2 Kd4 63. Kd2 a4 64. Ne2+ Ke4 65. bxa4 Bxa2 66. Nc3+ Kd4 67. Nxa2 Kxc4 68. Nc1 Kxd5 69. Nb3 c4 70. Kc2 Kc6 71. Nd4+ Kb6 72. Nf5 d5 73. Ne3 Ka5 1/2-1/2